SA
GRIM REAPERS @ LOUISIANA DRAGOONS
09/11/2026
 
TOP OF THE 1ST
Grim Reapers batting - Pitching for Louisiana Dragoons : RHP Nathan Moree
Pitching: RHP Nathan Moree
Batting: SHB Javier Vázquez 0-0: Called Strike
0-1: Fly out, F8 (Flyball, 8LS)
Batting: RHB Tomás Costello 0-0: Ball
1-0: Ball
2-0: Foul Ball, location: 2F
2-1: Ball
3-1: Base on Balls
Batting: SHB Marcos Roa 0-0: Foul Ball, location: 2F
0-1: Ball
1-1: Ball
2-1: Swinging Strike
2-2: Ball
3-2: Foul Ball, location: 2F
3-2: Base on Balls
Tomás Costello to second
Batting: RHB Dave Sienna 0-0: Foul Ball, location: 2F
0-1: Ball
1-1: Swinging Strike
1-2: Ball
2-2: Foul Ball, location: 2F
2-2: Strikes out swinging
Batting: LHB Dante Aristizabal 0-0: Ball
1-0: Foul Ball, location: 2F
1-1: Ball
2-1: Fly out, F7 (Flyball, 7S)
Top of the 1st over - 0 run(s), 0 hit(s), 0 error(s), 2 left on base; Grim 0 - Louisiana 0
BOTTOM OF THE 1ST
Louisiana Dragoons batting - Pitching for Grim Reapers : RHP Luis Hernández
Pitching: RHP Luis Hernández
Batting: RHB Kevin Johnson 0-0: Ball
1-0: Ball
2-0: Ball
3-0: Base on Balls
Batting: RHB Jeremy Boyter 0-0: Ball
1-0: Called Strike
1-1: Called Strike
1-2: Foul Ball, location: 2F
1-2: Strikes out looking
Batting: LHB Guillermo Arellano 0-0: Ball
Kevin Johnson is caught stealing 2nd base
1-0: SINGLE (Groundball, 6D)
Batting: RHB Scott Robertson 0-0: Called Strike
0-1: Ball
1-1: Fly out, F9 (Flyball, 9LSF)
Bottom of the 1st over - 0 run(s), 1 hit(s), 0 error(s), 1 left on base; Grim 0 - Louisiana 0
TOP OF THE 2ND
Grim Reapers batting - Pitching for Louisiana Dragoons : RHP Nathan Moree
Batting: RHB Raúl Moreno 0-0: Reached on error, E5 (Groundball, 56)
Batting: LHB Steve Costillo 0-0: Called Strike
0-1: Ball
1-1: Ball
2-1: Called Strike
2-2: Ball
3-2: Fielders Choice at 2nd, 4-6 (Groundball, 4)
Batting: RHB Tomás Duarte 0-0: Grounds into double play, 6-4-3 (Groundball, 6)
Top of the 2nd over - 0 run(s), 0 hit(s), 1 error(s), 0 left on base; Grim 0 - Louisiana 0
BOTTOM OF THE 2ND
Louisiana Dragoons batting - Pitching for Grim Reapers : RHP Luis Hernández
Batting: SHB Eduardo Pampin 0-0: Ball
1-0: Ground out 1-3 (Groundball, 13S)
Batting: RHB Giuseppe Provolone 0-0: Ball
1-0: Called Strike
1-1: Ground out 6-3 (Groundball, 6)
Batting: RHB Harry Gibson 0-0: Foul Ball, location: 2F
0-1: Foul Ball, location: 2F
0-2: Foul Ball, location: 2F
0-2: Ball
1-2: Strikes out swinging
Bottom of the 2nd over - 0 run(s), 0 hit(s), 0 error(s), 0 left on base; Grim 0 - Louisiana 0
TOP OF THE 3RD
Grim Reapers batting - Pitching for Louisiana Dragoons : RHP Nathan Moree
Batting: RHB Mason Congdon 0-0: Called Strike
0-1: Foul Ball, location: 2F
0-2: Strikes out looking
Batting: SHB Javier Vázquez 0-0: Ground out 6-3 (Groundball, 6)
Batting: RHB Tomás Costello 0-0: Ball
1-0: Foul Ball, location: 2F
1-1: Foul Ball, location: 2F
1-2: Ground out 6-3 (Groundball, 6)
Top of the 3rd over - 0 run(s), 0 hit(s), 0 error(s), 0 left on base; Grim 0 - Louisiana 0
BOTTOM OF THE 3RD
Louisiana Dragoons batting - Pitching for Grim Reapers : RHP Luis Hernández
Batting: RHB José Luque 0-0: Ball
1-0: Ball
2-0: Ground out 6-3 (Groundball, 6)
Batting: RHB Jade Helm 0-0: Called Strike
0-1: Foul Ball, location: 2F
0-2: Ball
1-2: Foul Ball, location: 2F
1-2: Ground out 4-3 (Groundball, 4)
Batting: RHB Kevin Johnson 0-0: Ball
1-0: Called Strike
1-1: Ground out 6-3 (Groundball, 6)
Bottom of the 3rd over - 0 run(s), 0 hit(s), 0 error(s), 0 left on base; Grim 0 - Louisiana 0
TOP OF THE 4TH
Grim Reapers batting - Pitching for Louisiana Dragoons : RHP Nathan Moree
Batting: SHB Marcos Roa 0-0: Fly out, F6 (Flyball, 6MD)
Batting: RHB Dave Sienna 0-0: Fly out, F7 (Line Drive, 7D)
Batting: LHB Dante Aristizabal 0-0: Ball
1-0: Called Strike
1-1: SINGLE (Flyball, 78S)
Batting: RHB Raúl Moreno 0-0: Called Strike
0-1: Swinging Strike
0-2: Foul Ball, location: 2F
0-2: Ball
1-2: Foul Ball, location: 2F
1-2: Ball
2-2: SINGLE (Line Drive, 56)
Dante Aristizabal to second
Batting: LHB Steve Costillo 0-0: Ball
1-0: Foul Ball, location: 2F
1-1: Fly out, F4 (Popup, 4S)
Top of the 4th over - 0 run(s), 2 hit(s), 0 error(s), 2 left on base; Grim 0 - Louisiana 0
BOTTOM OF THE 4TH
Louisiana Dragoons batting - Pitching for Grim Reapers : RHP Luis Hernández
Batting: RHB Jeremy Boyter 0-0: Called Strike
0-1: Swinging Strike
0-2: Foul Ball, location: 2F
0-2: Foul Ball, location: 2F
0-2: Ball
1-2: Strikes out swinging
Batting: LHB Guillermo Arellano 0-0: Fly out, F7 (Flyball, 78M)
Batting: RHB Scott Robertson 0-0: Ball
1-0: Called Strike
1-1: Foul Ball, location: 2F
1-2: Strikes out swinging
Bottom of the 4th over - 0 run(s), 0 hit(s), 0 error(s), 0 left on base; Grim 0 - Louisiana 0
TOP OF THE 5TH
Grim Reapers batting - Pitching for Louisiana Dragoons : RHP Nathan Moree
Batting: RHB Tomás Duarte 0-0: Ball
1-0: Ground out 6-3 (Groundball, 6)
Batting: RHB Mason Congdon 0-0: Ball
1-0: Ball
2-0: SINGLE (Flyball, 8LS)
Batting: SHB Javier Vázquez 0-0: Ball
1-0: Swinging Strike
1-1: Ball
2-1: Fly out, F7 (Flyball, 7LMF)
Batting: RHB Tomás Costello 0-0: Ball
1-0: Ball
2-0: Ball
3-0: Called Strike
3-1: Base on Balls
Mason Congdon to second
Batting: SHB Marcos Roa 0-0: Foul Ball, location: 2F
0-1: Fielders Choice at 2nd, U4 (Groundball, 4M)
Top of the 5th over - 0 run(s), 1 hit(s), 0 error(s), 2 left on base; Grim 0 - Louisiana 0
BOTTOM OF THE 5TH
Louisiana Dragoons batting - Pitching for Grim Reapers : RHP Luis Hernández
Batting: SHB Eduardo Pampin 0-0: Called Strike
0-1: Ball
1-1: Called Strike
1-2: Strikes out swinging
Batting: RHB Giuseppe Provolone 0-0: Swinging Strike
0-1: Ball
1-1: Foul Ball, location: 2F
1-2: Strikes out swinging
Batting: RHB Harry Gibson 0-0: Ball
1-0: Foul Ball, location: 2F
1-1: Ball
2-1: Swinging Strike
2-2: Ball
3-2: Strikes out swinging
Bottom of the 5th over - 0 run(s), 0 hit(s), 0 error(s), 0 left on base; Grim 0 - Louisiana 0
TOP OF THE 6TH
Grim Reapers batting - Pitching for Louisiana Dragoons : RHP Nathan Moree
Batting: RHB Dave Sienna 0-0: Ground out 1-3 (Groundball, 15S)
Batting: LHB Dante Aristizabal 0-0: Ball
1-0: Fly out, F8 (Flyball, 8LM)
Batting: RHB Raúl Moreno 0-0: Foul Ball, location: 2F
0-1: Foul Ball, location: 2F
0-2: Strikes out swinging
Top of the 6th over - 0 run(s), 0 hit(s), 0 error(s), 0 left on base; Grim 0 - Louisiana 0
BOTTOM OF THE 6TH
Louisiana Dragoons batting - Pitching for Grim Reapers : RHP Luis Hernández
Batting: RHB José Luque 0-0: Ball
1-0: Swinging Strike
1-1: Ball
2-1: Fly out, F6 (Popup, 15)
Batting: RHB Jade Helm 0-0: Ground out 6-3 (Groundball, 6)
Batting: RHB Kevin Johnson 0-0: Called Strike
0-1: Ball
1-1: Ball
2-1: Foul Ball, location: 2F
2-2: Ball
3-2: Strikes out swinging
Bottom of the 6th over - 0 run(s), 0 hit(s), 0 error(s), 0 left on base; Grim 0 - Louisiana 0
TOP OF THE 7TH
Grim Reapers batting - Pitching for Louisiana Dragoons : RHP Nathan Moree
Batting: LHB Steve Costillo 0-0: Called Strike
0-1: Ball
1-1: Ball
2-1: Ball
3-1: Base on Balls
Pinch Hitting: RHB Carlos Evangelho 0-0: Ball
1-0: Called Strike
1-1: Ball
2-1: Sac Bunt - play at first, batter OUT! 2-3
Steve Costillo to second
Batting: RHB Mason Congdon 0-0: Ball
1-0: Called Strike
1-1: Called Strike
1-2: Strikes out swinging
Pitching: RHP Cornelius Bigelow
Pinch Hitting: LHB Jim Unknown 0-0: Ball
1-0: Called Strike
1-1: Ball
2-1: Ground out 6-3 (Groundball, 6)
Top of the 7th over - 0 run(s), 0 hit(s), 0 error(s), 1 left on base; Grim 0 - Louisiana 0
BOTTOM OF THE 7TH
Louisiana Dragoons batting - Pitching for Grim Reapers : RHP Luis Hernández
Now at 2B: José Jiménez
Now in LF: Jim Unknown
Batting: RHB Jeremy Boyter 0-0: Called Strike
0-1: Ball
1-1: Fly out, F7 (Flyball, 7S)
Batting: LHB Guillermo Arellano 0-0: Foul Ball, location: 2F
0-1: Ball
1-1: DOUBLE (Flyball, 8RXD)
Batting: RHB Scott Robertson 0-0: Fly out, F8 (Flyball, 78D)
Batting: SHB Eduardo Pampin 0-0: Ball
1-0: Swinging Strike
1-1: Ground out 6-3 (Groundball, 6M)
Bottom of the 7th over - 0 run(s), 1 hit(s), 0 error(s), 1 left on base; Grim 0 - Louisiana 0
TOP OF THE 8TH
Grim Reapers batting - Pitching for Louisiana Dragoons : RHP Cornelius Bigelow
Pinch Hitting: RHB Armando Chamú 0-0: Ball
1-0: Fly out, F8 (Flyball, 8RXD)
Batting: SHB Marcos Roa 0-0: Ground out 3-1 (Groundball, 34)
Batting: RHB Dave Sienna 0-0: Ball
1-0: Ball
2-0: Called Strike
2-1: Ball
3-1: Called Strike
3-2: Fly out, F7 (Flyball, 78M)
Top of the 8th over - 0 run(s), 0 hit(s), 0 error(s), 0 left on base; Grim 0 - Louisiana 0
BOTTOM OF THE 8TH
Louisiana Dragoons batting - Pitching for Grim Reapers : RHP Luis Hernández
Now at SS: Jeb Sexton
Pinch Hitting: RHB Emmanuele Lucchetti 0-0: Called Strike
0-1: Called Strike
0-2: Ball
1-2: Foul Ball, location: 2F
1-2: Strikes out swinging
Pinch Hitting: RHB Jody Bennett 0-0: Called Strike
0-1: Foul Ball, location: 2F
0-2: Ball
1-2: Ball
2-2: Ball
3-2: Base on Balls
Pinch Hitting: LHB Carlos Piña 0-0: Ball
1-0: Foul Ball, location: 2F
1-1: Ball
2-1: DOUBLE (Groundball, 3L)
Jody Bennett to third
Runner from 3rd tries for Home, SAFE, no throw
Pinch Hitting: RHB Armando Carmona 0-0: Fly out, F8 (Flyball, 8RM)
Batting: RHB Kevin Johnson 0-0: Called Strike
0-1: Called Strike
0-2: Strikes out swinging
Bottom of the 8th over - 1 run(s), 1 hit(s), 0 error(s), 1 left on base; Grim 0 - Louisiana 1
TOP OF THE 9TH
Grim Reapers batting - Pitching for Louisiana Dragoons : RHP Cornelius Bigelow
Pitching: RHP Brian Krick
Now at 1B: Miklas Boerboom
Now at 2B: Armando Carmona
Now at SS: Jody Bennett
Now in RF: Emmanuele Lucchetti
Batting: LHB Dante Aristizabal 0-0: Fly out, F7 (Line Drive, 7S)
Batting: RHB Raúl Moreno 0-0: Ball
1-0: SINGLE (Groundball, 6MD)
Pinch Runner at 1st Carlos Chávez:
Batting: LHB Steve Costillo 0-0: Called Strike
0-1: Ball
1-1: Called Strike
1-2: Ball
2-2: Fly out, F8 (Line Drive, 8RM)
Pinch Hitting: RHB Bernardo Rodríguez 0-0: Called Strike
0-1: Ball
1-1: Ball
2-1: Swinging Strike
2-2: Foul Ball, location: 2F
2-2: Strikes out swinging
Top of the 9th over - 0 run(s), 1 hit(s), 0 error(s), 1 left on base; Grim 0 - Louisiana 1
Monday, March 20th, 2017 - OOTP Baseball 17.12 Build 75